 Dungeon Crawl Stone Soup version 0.29-a0-275-g389c0b56f3 (webtiles) character file.

Game seed: 9056226506331110361

28 bande the Covered (level 3, 0/23 HPs)
             Began as a Gargoyle Fighter on Mar 11, 2022.
             Killed by divine providence
             ... invoked by an orc priest
              (13 damage)
             ... on level 2 of the Dungeon.
             The game lasted 00:01:40 (966 turns).

bande the Covered (Gargoyle Fighter)                 Turns: 966, Time: 00:01:41

Health: 0/23       AC: 17    Str: 19    XL:     3   Next: 14%
Magic:  3/3        EV:  1    Int:  8    God:
Gold:   54         SH:  4    Dex: 11    Spells: 2/2 levels left

rFire   + . .      SeeInvis .   a - +0 war axe
rCold   + . .      Faith    .   c - +0 buckler
rNeg    + . .      Spirit   .   e - +0 gold dragon scales
rPois   ∞          Reflect  .   (no helmet)
rElec   +          Harm     .   (no cloak)
rCorr   .          Rampage  .   (no gloves)
Will    .....                   (no boots)
Stlth   ..........              (no amulet)
HPRegen 0.07/turn               (no ring)
MPRegen 0.08/turn               (no ring)

@: no status effects
A: sickness immunity, AC +3, negative energy resistance 1, electricity
resistance, torment resistance 1, petrification resistance
a: no special abilities


You were on level 2 of the Dungeon.
You visited 1 branch of the dungeon, and saw 2 of its levels.

You collected 54 gold pieces.

Inventory:

Hand Weapons
 a - a +0 war axe (weapon)
Armour
 c - a +0 buckler (worn)
 e - +0 gold dragon scales (worn)
Scrolls
 b - a scroll of identify {unknown}
 f - 2 scrolls of fear {unknown}
 g - a scroll of blinking {unknown}
 h - a scroll of vulnerability {unknown}
 i - a scroll of enchant armour {unknown}
 j - a scroll of amnesia {unknown}
 k - a scroll of noise {unknown}
Potions
 d - 3 potions of might


   Skills:
 + Level 3.5 Fighting
 + Level 2.3 Axes
 + Level 3.6 Armour
 + Level 3.6 Shields


You had 2 spell levels left.
You didn't know any spells.
Your spell library contained the following spells:

 Spells                   Type           Power      Damage    Failure   Level
 Ozocubu's Armour         Ice            0%         N/A       100%        3
 Ozocubu's Refrigeration  Ice            0%         4d5       100%        7


Dungeon Overview and Level Annotations

Branches:
Dungeon (2/15)

Altars:


Innate Abilities, Weirdness & Mutations

You are immune to sickness and miasma.
Your stone body is resilient. (AC +3)
You are immune to poison.
You resist negative energy. (rN+)
You are resistant to electric shocks. (rElec)
You are resistant to unholy torment.
You are immune to petrification.


Message History

No target in view!
No target in view!
No target in view!
HP restored.
You see here a +0 robe.
k - a scroll labelled INIGOU QIWNEPYIFRU An orc priest and 5 orcs come into view.
The orc shouts! x5; You hear a shout!
An orc comes into view. It is wielding a +0 flail.
The orc moves out of view.
Found 12 gold pieces.
You block the orc's attack. The orc hits you but does no damage.
You slash the orc!
You kill the orc!
You hit the orc but do no damage. The orc hits you with a +0 mace.
The orc priest hits you but does no damage.
The orc hits you with a +0 mace.
You barely miss the orc priest. You hit the orc. x2
The orc priest hits you but does no damage.
The orc hits you but does no damage. x2
You barely miss the orc.
The orc is heavily wounded.
You closely miss the orc. You hit the orc priest.
You block the orc priest's attack. The orc hits you but does no damage. x3
The orc priest mumbles some strange prayers to Beogh against you.
Pain shoots through your body!
You barely miss the orc.
The orc is heavily wounded.
You barely miss the orc. You closely miss the orc priest.
The orc priest hits you but does no damage.
The orc hits you but does no damage. x2
You hit the orc.
The orc is almost dead.
You slash the orc!
You kill the orc!
You hit the orc priest.
The orc priest mumbles some strange prayers to Beogh against you.
Beogh smites you!
Ouch! That really hurt!
You die...

#. #. ##.# #### #...
..# ###...###.#
..........#
#......)#.#####
#.#o..#@#.....#
#.....oo#.###.#
#.....oo#.###.######..
#.......#.............
#.#...#.#..##.######..
#.......#..##.#
##.....##..##[#
##$⌠$###.....#
#+#..#######..†####


You could see an orc priest and 3 orcs.

Vanquished Creatures
  2 dart slugs (D:1)
  2 orcs (D:2)
  2 endoplasms
  3 giant cockroaches
  2 goblins (D:1)
  2 hobgoblins (D:1)
  A quokka (D:1)
  2 bats (D:1)
  2 frilled lizards
  2 kobolds (D:1)
  3 rats (D:1)
23 creatures vanquished.

Notes
Turn   | Place    | Note
-------+----------+-------------------------------------------
     0 | D:1      | bande the Gargoyle Fighter began the quest for the Orb.
     0 | D:1      | Reached XP level 1. HP: 14/14 MP: 1/1
   174 | D:1      | Found a faded altar of an unknown god.
   231 | D:1      | Reached XP level 2. HP: 19/19 MP: 2/2
   865 | D:2      | Reached XP level 3. HP: 23/23 MP: 3/3
   966 | D:2      | Killed from afar by an orc priest

Illustrated notes

Levels and vault maps discovered:
D:1:      dpeg_arrival_houses_and_road, layout_basic,
          hellmonk_ecumenical_altar_crossroads, minmay_close_crescents
D:2:      cheibrodos_pilgrimage, layout_loops_corners, basic_altar

Skill      XL: |  1  2 |
---------------+-------+-----
Axes           | 2 |  2.3
Fighting       | |  3.5
Armour         | |  3.6
Shields        | |  3.6

Action                   || total
-------------------------++-------
Melee: War axe           ||    57
Armor: Gold dragon scale ||    57
Dodge: Dodged            ||     2
Block: Buckler           ||    12

Table legend: (Time is in decaauts)
 A = Elapsed time spent in this place.
 B = Non-inter-level travel time spent in this place.
 C = Inter-level travel time spent in this place.
 D = Time resting spent in this place.
 E = Time spent auto-exploring this place.
 F = Levels seen in this place.
 G = Mean time per level.
                   A        B        C        D        E       F      G
               +--------+--------+--------+--------+--------+-----+--------+
         Total |    990 |    977 |     13 |      0 |    802 |   2 |  495.0 |
       Dungeon |    990 |    977 |     13 |      0 |    802 |   2 |  495.0 |
               +--------+--------+--------+--------+--------+-----+--------+

Top non-repeatable levels by time:
     D:1: 839 daAuts
     D:2: 151 daAuts
